TOP OF THE 1ST |
---|
St Charles Sheens batting - Pitching for Portland Cards : RHP Manuel Fuentes | Pitching: RHP Manuel Fuentes | | Batting: RHB Miguel Palácios | 0-0: Swinging Strike 0-1: Swinging Strike 0-2: Foul Ball, location: 2F 0-2: Foul Ball, location: 2F 0-2: Foul Ball, location: 2F 0-2: Ball 1-2: Ball 2-2: Ground out 6-3 (Groundball, 6) | Batting: RHB Augusto Trevino | 0-0: Called Strike 0-1: Ball 1-1: Ball 2-1: Ground out 4-3 (Groundball, 4M) | Batting: LHB Larry Howard | 0-0: Called Strike 0-1: Ball 1-1: Called Strike 1-2: SINGLE (Line Drive, 34) | Batting: LHB Stan Bates | 0-0: Called Strike 0-1: Ball 1-1: Ball 2-1: Foul Ball, location: 2F 2-2: Ball 3-2: Fly out, F7 (Flyball, 7LS) | Top of the 1st over - 0 runs, 1 hit, 0 errors, 1 left on base; St Charles 0 - Portland 0 | BOTTOM OF THE 1ST |
---|
Portland Cards batting - Pitching for St Charles Sheens : LHP António Coronado | Pitching: LHP António Coronado | | Batting: LHB Jesús Raugel | 0-0: Ball 1-0: Ground out U3 (Groundball, 3) | Batting: RHB António Zúńiga | 0-0: Ball 1-0: Ball 2-0: Ball 3-0: Base on Balls | Batting: RHB Jared Thompson | 0-0: Ball 1-0: Ball 2-0: Grounds into double play, 4-6-3 (Groundball, 4D) | Bottom of the 1st over - 0 runs, 0 hits, 0 errors, 0 left on base; St Charles 0 - Portland 0 | TOP OF THE 2ND |
---|
St Charles Sheens batting - Pitching for Portland Cards : RHP Manuel Fuentes | Batting: RHB Dan Tyler | 0-0: Ball 1-0: Ball 2-0: Foul Ball, location: 2F 2-1: Ground out U3 (Groundball, 34) | Batting: LHB Juan Jose Rojas | 0-0: Ball 1-0: Called Strike 1-1: Foul Ball, location: 2F 1-2: Strikes out swinging | Batting: RHB Víctor Arredondo | 0-0: Ball 1-0: SINGLE (Flyball, 78M) | Batting: RHB Alfredo Hernández | 0-0: Ground out 3-1 (Groundball, 34S) | Top of the 2nd over - 0 runs, 1 hit, 0 errors, 1 left on base; St Charles 0 - Portland 0 | BOTTOM OF THE 2ND |
---|
Portland Cards batting - Pitching for St Charles Sheens : LHP António Coronado | Batting: RHB Jesús Gutiérrez | 0-0: Ball 1-0: Ball 2-0: Ball 3-0: Base on Balls | Batting: RHB Robert Bly | 0-0: Ball 1-0: Foul Ball, location: 2F 1-1: Grounds into double play, 1-6-3 (Groundball, 13) | Batting: RHB Pablo Castillo | 0-0: Ball 1-0: Foul Ball, location: 2F 1-1: Ground out 4-3 (Groundball, 4M) | Bottom of the 2nd over - 0 runs, 0 hits, 0 errors, 0 left on base; St Charles 0 - Portland 0 | TOP OF THE 3RD |
---|
St Charles Sheens batting - Pitching for Portland Cards : RHP Manuel Fuentes | Batting: LHB Kyle Harrison | 0-0: Called Strike 0-1: Ball 1-1: Foul Ball, location: 2F 1-2: Ground out 6-3 (Groundball, 6) | Batting: RHB Miguel Palácios | 0-0: Called Strike 0-1: Ball 1-1: Called Strike 1-2: Strikes out swinging | Batting: RHB Augusto Trevino | 0-0: Called Strike 0-1: Ball 1-1: Foul Ball, location: 2F 1-2: Ball 2-2: Fly out, F9 (Flyball, 89M) | Top of the 3rd over - 0 runs, 0 hits, 0 errors, 0 left on base; St Charles 0 - Portland 0 | BOTTOM OF THE 3RD |
---|
Portland Cards batting - Pitching for St Charles Sheens : LHP António Coronado | Batting: LHB Chance Santry | 0-0: Called Strike 0-1: Called Strike 0-2: Fly out, F5 (Popup, 5S) | Batting: RHB Gabriel Miranda | 0-0: Ball 1-0: Ground out 4-3 (Groundball, 4MS) | Batting: RHB Augusto Baiano | 0-0: Ball 1-0: Swinging Strike 1-1: Fly out, F8 (Flyball, 8LS) | Bottom of the 3rd over - 0 runs, 0 hits, 0 errors, 0 left on base; St Charles 0 - Portland 0 | TOP OF THE 4TH |
---|
St Charles Sheens batting - Pitching for Portland Cards : RHP Manuel Fuentes | Batting: LHB Larry Howard | 0-0: Called Strike 0-1: Foul Ball, location: 2F 0-2: Strikes out swinging | Batting: LHB Stan Bates | 0-0: Ball 1-0: Ball 2-0: Foul Ball, location: 2F 2-1: Foul Ball, location: 2F 2-2: Ball 3-2: Ground out 5-3 (Groundball, 56) | Batting: RHB Dan Tyler | 0-0: Swinging Strike 0-1: Ball 1-1: Foul Ball, location: 2F 1-2: Ball 2-2: Strikes out swinging | Top of the 4th over - 0 runs, 0 hits, 0 errors, 0 left on base; St Charles 0 - Portland 0 | BOTTOM OF THE 4TH |
---|
Portland Cards batting - Pitching for St Charles Sheens : LHP António Coronado | Batting: LHB Jesús Raugel | 0-0: Called Strike 0-1: Ball 1-1: Ball 2-1: Ground out U3 (Groundball, 34) | Batting: RHB António Zúńiga | 0-0: Swinging Strike 0-1: Ball 1-1: Fly out, F8 (Flyball, 8RD) | Batting: RHB Jared Thompson | 0-0: Fly out, F7 (Flyball, 7S) | Bottom of the 4th over - 0 runs, 0 hits, 0 errors, 0 left on base; St Charles 0 - Portland 0 | TOP OF THE 5TH |
---|
St Charles Sheens batting - Pitching for Portland Cards : RHP Manuel Fuentes | Pitching: RHP Ron Biller | | Batting: LHB Juan Jose Rojas | 0-0: Called Strike 0-1: Fly out, F7 (Flyball, 7D) | Batting: RHB Víctor Arredondo | 0-0: Ball 1-0: SINGLE (Line Drive, 8LS) | Batting: RHB Alfredo Hernández | 0-0: Fly out, F9 (Flyball, 9S) | Batting: LHB Kyle Harrison | 0-0: Foul Ball, location: 2F 0-1: Ball 1-1: Foul Ball, location: 2F 1-2: Foul Ball, location: 2F 1-2: Ground out 1-3 (Groundball, 13S) | Top of the 5th over - 0 runs, 1 hit, 0 errors, 1 left on base; St Charles 0 - Portland 0 | BOTTOM OF THE 5TH |
---|
Portland Cards batting - Pitching for St Charles Sheens : LHP António Coronado | Pitching: RHP Luis Ramírez | | Batting: RHB Jesús Gutiérrez | 0-0: Called Strike 0-1: Ball 1-1: Swinging Strike 1-2: Hit by Pitch | Batting: RHB Robert Bly | 0-0: Ball 1-0: Ball 2-0: Ball 3-0: Base on Balls Jesús Gutiérrez to second | Batting: RHB Pablo Castillo | 0-0: Ball 1-0: DOUBLE (Line Drive, 7LM) Jesús Gutiérrez scores Robert Bly to third | Batting: LHB Chance Santry | 0-0: Intentional Walk | Batting: RHB Gabriel Miranda | 0-0: SINGLE (Line Drive, 34) Robert Bly scores Pablo Castillo to third Chance Santry to second | Batting: RHB Augusto Baiano | 0-0: Swinging Strike 0-1: Ball 1-1: GRAND SLAM HOME RUN (Flyball, 7LD), Distance : 352 ft | Pitching: RHP Augusto Herrera | | Batting: LHB Jesús Raugel | 0-0: Ball 1-0: DOUBLE (Flyball, 8RXD) | Batting: RHB António Zúńiga | 0-0: Ball 1-0: Foul Ball, location: 2F 1-1: Ball 2-1: Ball 3-1: Fly out, F9 (Flyball, 9S) | Batting: RHB Jared Thompson | 0-0: SINGLE (Groundball, 34D) Jesús Raugel to third Runner from 3rd tries for Home, SAFE, no throw | Batting: RHB Jesús Gutiérrez | 0-0: Called Strike 0-1: Swinging Strike 0-2: Foul Ball, location: 2F 0-2: Strikes out swinging | Batting: RHB Robert Bly | 0-0: Ball 1-0: Ball 2-0: Swinging Strike 2-1: Called Strike 2-2: Foul Ball, location: 2F 2-2: Ball 3-2: Foul Ball, location: 2F 3-2: Base on Balls Jared Thompson to second | Batting: RHB Pablo Castillo | 0-0: Fly out, F8 (Flyball, 8LM) | Bottom of the 5th over - 7 runs, 5 hits, 0 errors, 2 left on base; St Charles 0 - Portland 7 | TOP OF THE 6TH |
---|
St Charles Sheens batting - Pitching for Portland Cards : RHP Ron Biller | Batting: RHB Miguel Palácios | 0-0: Ball 1-0: Called Strike 1-1: SINGLE (Groundball, 6) (infield hit) | Batting: RHB Augusto Trevino | 0-0: Called Strike 0-1: Fielders Choice at 2nd, 6-4 (Groundball, 56) | Batting: LHB Larry Howard | 0-0: Called Strike Augusto Trevino steals 2nd base 0-1: Ball 1-1: Ball 2-1: SINGLE (Flyball, 7S) Augusto Trevino to third Runner from 3rd tries for Home, throw and OUT! Larry Howard to second | Batting: LHB Stan Bates | 0-0: Called Strike 0-1: Foul Ball, location: 2F 0-2: Foul Ball, location: 2F 0-2: Ground out 4-3 (Groundball, 4) | Top of the 6th over - 0 runs, 2 hits, 0 errors, 1 left on base; St Charles 0 - Portland 7 | BOTTOM OF THE 6TH |
---|
Portland Cards batting - Pitching for St Charles Sheens : RHP Augusto Herrera | Batting: LHB Chance Santry | 0-0: Foul Ball, location: 2F 0-1: Ball 1-1: Ball 2-1: Fly out, F8 (Line Drive, 8RD) | Batting: RHB Gabriel Miranda | 0-0: Called Strike 0-1: Fly out, F7 (Flyball, 7D) | Batting: RHB Augusto Baiano | 0-0: Ball 1-0: Ground out U3 (Groundball, 3L) | Bottom of the 6th over - 0 runs, 0 hits, 0 errors, 0 left on base; St Charles 0 - Portland 7 | TOP OF THE 7TH |
---|
St Charles Sheens batting - Pitching for Portland Cards : RHP Ron Biller | Batting: RHB Dan Tyler | 0-0: Called Strike 0-1: Ball 1-1: Ball 2-1: Ball 3-1: Swinging Strike 3-2: Ground out U3 (Groundball, 34) | Batting: LHB Juan Jose Rojas | 0-0: Ball 1-0: Called Strike 1-1: Ball 2-1: Fly out, F8 (Flyball, 8LD) | Batting: RHB Víctor Arredondo | 0-0: Foul Ball, location: 2F 0-1: Foul Ball, location: 2F 0-2: Ball 1-2: Ground out 3-1 (Groundball, 23) | Top of the 7th over - 0 runs, 0 hits, 0 errors, 0 left on base; St Charles 0 - Portland 7 | BOTTOM OF THE 7TH |
---|
Portland Cards batting - Pitching for St Charles Sheens : RHP Augusto Herrera | Pinch Hitting: RHB Peter Hensley | 0-0: Called Strike 0-1: Ball 1-1: Foul Ball, location: 2F 1-2: Ground out 6-3 (Groundball, 6) | Pinch Hitting: RHB Manolo Román | 0-0: Ball 1-0: Foul Ball, location: 2F 1-1: Ball 2-1: Swinging Strike 2-2: Strikes out swinging | Batting: RHB Dani Vázquez | 0-0: SINGLE (Groundball, 34D) | Pinch Hitting: RHB Aaron Scott | 0-0: Foul Ball, location: 2F 0-1: Ball 1-1: Ball 2-1: SINGLE (Groundball, 6D) Dani Vázquez to second | Batting: RHB Robert Bly | 0-0: Called Strike 0-1: Ball Error on foul ball, E3 1-2: Foul Ball, location: 2F 1-2: Strikes out swinging | Bottom of the 7th over - 0 runs, 2 hits, 1 error, 2 left on base; St Charles 0 - Portland 7 | TOP OF THE 8TH |
---|
St Charles Sheens batting - Pitching for Portland Cards : RHP Ron Biller | Pitching: RHP Jamal Clayton | | Now at 1B: Aaron Scott | | Now in LF: Peter Hensley | | Now in CF: José Garza | | Batting: RHB Alfredo Hernández | 0-0: Ball 1-0: Ball 2-0: Swinging Strike 2-1: Foul Ball, location: 2F 2-2: Fly out, F7 (Flyball, 7) | Batting: LHB Kyle Harrison | 0-0: Ball 1-0: Ball 2-0: Ground out 6-3 (Groundball, 6M) | Pinch Hitting: RHB Max Rash | 0-0: Ball 1-0: Ball 2-0: Ground out U3 (Groundball, 34) | Top of the 8th over - 0 runs, 0 hits, 0 errors, 0 left on base; St Charles 0 - Portland 7 | BOTTOM OF THE 8TH |
---|
Portland Cards batting - Pitching for St Charles Sheens : RHP Augusto Herrera | Pitching: RHP Jesse Jones | | Now at 3B: Max Rash | | Batting: RHB Pablo Castillo | 0-0: Ball 1-0: DOUBLE (Flyball, 78XD) | Batting: LHB Chance Santry | 0-0: Ground out 4-3 (Groundball, 4) Pablo Castillo to third | Batting: RHB Gabriel Miranda | 0-0: Called Strike 0-1: Foul Ball, location: 2F 0-2: Ball 1-2: Ball 2-2: Ball 3-2: Base on Balls | Batting: RHB Augusto Baiano | 0-0: Called Strike 0-1: SINGLE (Line Drive, 56D) Pablo Castillo scores Gabriel Miranda to second | Batting: RHB Peter Hensley | 0-0: Ball 1-0: Called Strike 1-1: Reached on error, E5 (Groundball, 56S) Gabriel Miranda to third Augusto Baiano to second | Batting: LHB José Garza | 0-0: Ball Wild Pitch! Gabriel Miranda scores Augusto Baiano to third Peter Hensley to second 1-0: Swinging Strike 1-1: Ground out 4-3 (Groundball, 4) Augusto Baiano scores Peter Hensley to third | Batting: RHB Dani Vázquez | 0-0: Ball 1-0: Ball 2-0: Ball 3-0: Called Strike 3-1: Foul Ball, location: 2F 3-2: SINGLE (Line Drive, 8LS) Peter Hensley scores | Batting: RHB Aaron Scott | 0-0: Ball 1-0: Ball 2-0: Swinging Strike 2-1: Foul Ball, location: 2F 2-2: Strikes out swinging | Bottom of the 8th over - 4 runs, 3 hits, 1 error, 1 left on base; St Charles 0 - Portland 11 | TOP OF THE 9TH |
---|
St Charles Sheens batting - Pitching for Portland Cards : RHP Jamal Clayton | Pinch Hitting: LHB Benny Richard | 0-0: SINGLE (Line Drive, 56D) | Pinch Hitting: RHB Judson Backstrom | 0-0: Ball 1-0: SINGLE (Line Drive, 89S) Benny Richard to second | Batting: RHB Miguel Encarnación | 0-0: Ball 1-0: Called Strike 1-1: Ball 2-1: SINGLE (Groundball, 6MS) (infield hit) Benny Richard to third Judson Backstrom to second | Pinch Hitting: RHB Jesús Hernández | 0-0: Ball 1-0: Ball 2-0: Fly out, F9 (Flyball, 9) Runner from 3rd tags up, SCORES, no throw | Batting: LHB Juan Jose Rojas | 0-0: Ball 1-0: Swinging Strike 1-1: Foul Ball, location: 2F 1-2: Ball 2-2: Ball 3-2: Strikes out swinging | Pinch Hitting: RHB Shawn Gutiérrez | 0-0: Ball 1-0: Foul Ball, location: 2F 1-1: Ball 2-1: Foul Ball, location: 2F 2-2: Ball 3-2: Fly out, F7 (Flyball, 7LM) | Top of the 9th over - 1 run, 3 hits, 0 errors, 2 left on base; St Charles 1 - Portland 11 | |